 Dungeon Crawl Stone Soup version 0.31.0-11-ge490571c62 (webtiles) character file.

Game seed: 14887050190621857063

86 qw the Shooter (level 4, 0/22 HPs)
             Began as a Spriggan Hunter on Feb 3, 2024.
             Killed by divine providence
             ... invoked by an orc priest
              (9 damage)
             ... on level 3 of the Dungeon.
             The game lasted 00:00:05 (1757 turns).

qw the Shooter (Spriggan Hunter)                    Turns: 1757, Time: 00:00:06

Health: 0/22       AC:  2    Str:  7    XL:     4   Next: 26%
Magic:  5/5        EV: 20    Int: 10    God:
Gold:   92         SH:  0    Dex: 20    Spells: 3/3 levels left

rFire   . . .        a - +0 shortbow
rCold   . . .        (shield currently unavailable)
rNeg    . . .        c - +0 robe
rPois   .            (helmet restricted)
rElec   .            (no cloak)
rCorr   .            (gloves unavailable)
SInv    +            (boots unavailable)
Will    .....        (no amulet)
Stlth   ++           (no ring)
HPRegen 0.23/turn    (no ring)
MPRegen 0.09/turn

%: no passive effects
@: very quick
A: very small, no large weapons, unfitting armour, see invisible, speed 3
a: no special abilities


You were on level 3 of the Dungeon.
You visited 1 branch of the dungeon, and saw 3 of its levels.

You collected 92 gold pieces.


Innate Abilities, Weirdness & Mutations

You are very small and have problems with some larger weapons.
You are too small for most types of armour.
You have supernaturally acute eyesight. (SInv)
You cover ground extremely quickly. (Speed+++)


   Skills:
 - Level 1.5 Fighting
 - Level 5.0 Ranged Weapons
 + Level 4.6 Dodging
 - Level 1.5 Stealth


You had 3 spell levels left.
You didn't know any spells.
Your spell library was empty.

Inventory:

Hand Weapons
 a - a +0 shortbow (weapon)
Armour
 c - a +0 robe (worn)
Potions
 d - a potion of berserk rage {unknown}
 f - a potion of cancellation {unknown}
 g - a potion of haste {unknown}
 h - a potion of curing {unknown}

Dungeon Overview and Level Annotations

Branches:
Dungeon (3/15)

Altars:


Message History

The orc priest shouts!
The orc priest is lightly wounded.
An orc warrior comes into view. It is wielding a +0 short sword.
You shoot an arrow. The orc warrior shouts!
The arrow hits the orc priest!
The orc priest is heavily wounded.
An orc wizard comes into view. It is wielding a +0 dagger.
The orc priest invokes the aid of Beogh against you.
Beogh smites you!
Ouch! That really hurt!
The orc wizard shouts!
1697 ||| STAIRDANCE The orc wizard points at you and mumbles some strange words.
You easily resist.
You climb upwards.
There is a stone staircase leading down here.
You start resting.
HP restored.
You climb downwards.
There is a stone staircase leading up here.
1753 ||| RETREEEEATING.
You shoot an arrow.
The arrow hits the orc priest but does no damage.
The orc priest is moderately wounded.
You shoot an arrow. The arrow hits the orc priest.
The orc priest is moderately wounded.
The orc priest completely misses you.
You shoot an arrow. The arrow hits the orc priest!
The orc priest is almost dead.
The orc wizard closely misses you.
The orc priest miscasts a cantrip.
The orc wizard hits you with a +0 dagger.
The orc warrior hits you with a +0 short sword.
The orc priest hits you with a +0 hand axe!
You shoot an arrow.
The arrow closely misses the orc priest.
The orc priest calls down the wrath of Beogh upon you.
Beogh smites you!
You die...

#.........
#.........
#.........
#.........
#.........
#o........
#oo.......
#@o.......
#####....#
.># #


You could see an orc warrior, an orc priest and 2 orc wizards.

Vanquished Creatures
  4 gnolls (D:2)
  2 adders (D:2)
  A dart slug (D:2)
  4 ball pythons
  An endoplasm (D:1)
  A giant cockroach (D:1)
  A goblin (D:1)
  3 hobgoblins
  5 kobolds
  A quokka (D:1)
  3 bats (D:2)
  3 frilled lizards
  3 rats
32 creatures vanquished.

Notes
Turn   | Place    | Note
-------+----------+-------------------------------------------
     0 | D:1      | qw the Spriggan Hunter began the quest for the Orb.
     0 | D:1      | Reached XP level 1. HP: 10/10 MP: 2/2
     0 | D:1      | 0 ||| qw: Version: 0.3-a-157-g843a77d
     0 | D:1      | 0 ||| qw: Game counter: 3896
     0 | D:1      | 0 ||| qw: Melee chars always use a shield: true
     0 | D:1      | 0 ||| qw: God list: Okawaru
     0 | D:1      | 0 ||| qw: Allow faded altars: false
     0 | D:1      | 0 ||| qw: Do Orc after clearing Dungeon:15 true
     0 | D:1      | 0 ||| qw: Do second Lair branch before Depths: true
     0 | D:1      | 0 ||| qw: Lair rune preference: random
     0 | D:1      | 0 ||| qw: Goals: Normal
     0 | D:1      | 0 ||| PLANNING D:1-11
   245 | D:1      | Reached skill level 3 in Dodging
   404 | D:1      | Reached XP level 2. HP: 14/14 MP: 3/3
   636 | D:1      | Found a faded altar of an unknown god.
   931 | D:1      | 931 ||| READING scroll labelled SICAM YZIAMULA.
   932 | D:1      | 932 ||| DROPPING scroll of butterflies.
  1136 | D:2      | Reached XP level 3. HP: 18/18 MP: 4/4
  1257 | D:2      | 1257 ||| RETREEEEATING.
  1264 | D:2      | Reached skill level 5 in Ranged Weapons
  1267 | D:2      | Reached XP level 4. HP: 8/22 MP: 5/5
  1270 | D:2      | 1270 ||| FLEEEEING.
  1271 | D:2      | 1271 ||| FLEEEEING.
  1272 | D:2      | 1272 ||| FLEEEEING.
  1273 | D:2      | 1273 ||| FLEEEEING.
  1274 | D:2      | 1274 ||| FLEEEEING.
  1634 | D:2      | 1634 ||| READING scroll labelled KASOTU HOTEFE.
  1675 | D:2      | 1675 ||| READING scroll labelled GETOMI UGAHU.
  1676 | D:2      | 1676 ||| READING scroll labelled RYUTUA NOOBLAT.
  1695 | D:3      | Noticed an orc warrior
  1697 | D:3      | 1697 ||| STAIRDANCE
  1753 | D:3      | 1753 ||| RETREEEEATING.
  1757 | D:3      | Killed from afar by an orc priest

Levels and vault maps discovered:
D:1:      minmay_arrival_doors, layout_basic, ebering_ecumenical_altar_hall
D:2:      layout_basic
D:3:      layout_basic, minmay_misc_feat_square, minmay_misc_feat_four_crosses,
          fountainhead

Skill      XL: |  1  2  3 |
---------------+----------+-----
Dodging        | 3 4 |  4.6
Ranged Weapons | 5 |  5.0
Fighting       | |  1.5
Stealth        | |  1.5

Action                     |  1- 3 |  4- 6 || total
---------------------------+-------+-------++-------
   Fire: Shortbow          |    79 |    18 ||    97
    Use: Scroll            |     1 |     3 ||     4
 Armour: Robe              |     7 |     3 ||    10
  Dodge: Dodged            |    37 |     9 ||    46

Table legend:
 A = Non-vault XP
 B = Vault XP
 C = Vault XP percentage of total XP
 D = Non-vault monster count
 E = Vault monster count
 F = Vault count percentage of total count
                 A         B        C        D         E       F
            +---------+---------+-------+---------+---------+-------
      Total |     123 |       0 |   0.0 |      32 |       0 |   0.0
            +---------+---------+-------+---------+---------+-------
        D:1 |      21 |       0 |   0.0 |      12 |       0 |   0.0
        D:2 |     102 |       0 |   0.0 |      20 |       0 |   0.0
            +---------+---------+-------+---------+---------+-------
